 Dungeon Crawl Stone Soup version 0.17.1-3-g152610e (webtiles) character file.

12363 Metrazal the Covert (level 11, -7/49 HPs)
             Began as a Spriggan Assassin on Mar 18, 2016.
             Was a Priest of Elyvilon.
             Mangled by a blue devil (14 damage)
             ... summoned by an orc high priest
             ... on level 2 of the Orcish Mines on Mar 19, 2016.
             The game lasted 02:20:18 (21890 turns).

Metrazal the Covert (Spriggan Assassin)            Turns: 21890, Time: 02:20:18

Health: -7/49      AC:  5    Str:  5      XL:     11   Next: 61%
Magic:  12/12      EV: 26    Int: 13      God:    Elyvilon [***...]
Gold:   907        SH:  0    Dex: 18 (21) Spells: 0 memorised, 10 levels left

rFire  . . .     SeeInvis +     a - +4 dagger
rCold  . . .     Clarity  .     p - +0 robe
rNeg   . . .     SustAt   .     (shield restricted)
rPois  .         Gourm    .     (helmet restricted)
rElec  .         Spirit   .     s - +2 cloak
rCorr  .         Warding  .     (gloves unavailable)
rMut   +         Stasis   .     (boots unavailable)
MR     +....                    A - amulet of resist mutation
Stlth  ++++++++..               Q - ring of stealth
                                o - +2 ring of evasion

@: very quick, somewhat resistant to hostile enchantments, extraordinarily
stealthy
A: unfitting armour, see invisible, breathe flames 1, deterioration 1, herbivore
3, speed 3, slow metabolism 2, weak 1
a: Lesser Healing, Heal Other, Purification, Divine Protection, Renounce
Religion, Breathe Fire


You were on level 2 of the Orcish Mines.
You worshipped Elyvilon.
Elyvilon was most pleased with you.
You were not hungry.

You visited 2 branches of the dungeon, and saw 13 of its levels.
You also visited: Sewer.

You collected 1110 gold pieces.
You spent 203 gold pieces at shops.

Inventory:

Hand Weapons
 a - a +4 dagger (weapon)
 b - a +0 blowgun
 c - a +0 hunting sling
 d - a +1 shortbow of flaming
 q - a +0 antimagic dagger
 v - a +3 dagger of venom
 O - a +1 dagger of protection
Missiles
 e - 54 poisoned needles
 f - 2 curare-tipped needles
 h - 211 arrows
 j - 11 silver sling bullets
 l - 228 stones (quivered)
 m - 19 arrows of frost
 n - 38 sling bullets
 J - 16 poisoned arrows
Armour
 p - a +0 robe (worn)
 s - a +2 cloak (worn)
Jewellery
 o - a +2 ring of evasion (left hand)
 y - an uncursed ring of positive energy
 A - an amulet of resist mutation (around neck)
 Q - a ring of stealth (right hand)
Wands
 z - a wand of polymorph (10)
 E - a wand of magic darts (36)
 G - a wand of digging (4)
 K - a wand of digging (21)
Scrolls
 u - 2 scrolls of fog
 w - 2 scrolls of recharging
 C - 3 scrolls of identify
 F - a scroll of fear
 L - 2 scrolls of teleportation
 R - 2 scrolls of blinking
Potions
 i - a potion of flight
 k - 2 potions of brilliance
 r - 2 potions of cure mutation
 x - 2 potions of cancellation
 D - a potion of magic
 I - 2 potions of curing
 M - a potion of ambrosia {unknown}
 N - a potion of lignification {unknown}
 P - a potion of haste {unknown}
 S - a potion of heal wounds
Books
 t - a Fen Folio

   Spells                             Type                      Level
   a - Corpse Rot                     Necromancy                   2
   b - Stone Arrow                    Conjuration/Earth            3
   c - Leda's Liquefaction            Hexes/Earth                  4
   d - Summon Forest                  Summoning/Translocation      5
   e - Hydra Form                     Transmutation                6
   f - Summon Hydra                   Summoning                    7
 H - a book of Power

   Spells                             Type                      Level
   a - Fulminant Prism                Conjuration/Hexes            4
   b - Iskenderun's Mystic Blast      Conjuration                  4
   c - Venom Bolt                     Conjuration/Poison           5
   d - Bolt of Magma                  Conjuration/Fire/Earth       5
   e - Iron Shot                      Conjuration/Earth            6
   f - Orb of Destruction             Conjuration                  7
   g - Spellforged Servitor           Conjuration/Summoning        7
Comestibles
 g - 4 bread rations
 B - 4 royal jellies


   Skills:
 - Level 1.5 Fighting
 + Level 10.5 Short Blades
 + Level 10.9(11.0) Slings
 + Level 1.7 Bows
 - Level 2.0(6.2) Throwing
 + Level 12.8 Dodging
 + Level 14.7 Stealth


You had 10 spell levels left.
You didn't know any spells.

Dungeon Overview and Level Annotations

Branches:
Dungeon (10/15)            Temple (0/1) D:6            Lair (0/8) D:8
    Orc (3/4) D:9
    Elf: Orc:3-4

Altars:
Ashenzari
Cheibriados
Dithmenos
Elyvilon
Kikubaaqudgha
Makhleb
Qazlal
Vehumet
Yredelemnul
Zin
The Shining One

Shops:
D:4 :   D:8 =   D:10 ?

Annotations:
D:5 1 runed door
D:7 dricus's ghost, novice MiBe


Innate Abilities, Weirdness & Mutations

You are tiny and cannot use many weapons and most armour.
You have supernaturally acute eyesight.
You are a herbivore.
You cover ground extremely quickly.
You need consume almost no food.
You can breathe flames.
Your body sometimes deteriorates upon taking damage.
You are weak. (Str -2)


Message History

The orc warrior shouts!
You hit the orc high priest.
The orc high priest is heavily wounded.
The blue devil completely misses you.
You hit the orc high priest.
The orc high priest is severely wounded.
The warg misses you. The hellwing completely misses you.
The hellwing misses you.
An orc warrior comes into view. It is wielding a scimitar.
You closely miss the orc high priest.
The orc high priest is severely wounded.
The orc high priest completely misses you.
The blue devil completely misses you. The warg bites you!
Your body deteriorates!
You feel clumsy. The hellwing barely misses you.
The hellwing completely misses you. The warg completely misses you.
The orc high priest misses you.
The orc warrior hits you from afar with a glaive!
* * * LOW HITPOINT WARNING * * *
The blue devil hits you!
You die...

.........###......>..#
.)........###........##
(.........##...#......####
....##....#....#.........##
...##........####.........##
.######......#####.........#
...####......#.##.........##
...o##......o..o.........##
....o...((ooo)oh@4......##
#........#.((..4.....#.##
#.......###>)........###
##.......###[......###
.........####......#
....#......###....##
....##......####.##
....#....(...#####
....##........#


You could see an orc high priest, a hellwing, a blue devil, a warg, 4 orc
warriors and an orc.

Vanquished Creatures
  Erica (D:9)
  2 orc knights
  Pikel (D:5)
  A komodo dragon (D:10)
  The ghost of kasilopana the Ducker, an amateur TrBe of Trog (D:6)
  A troll (Orc:2)
  A two-headed ogre (D:8)
  A queen bee (D:8)
  Grinder (D:6)
  3 hippogriffs
  2 deep elf magi
  2 wargs (Orc:1)
  Menkaure (D:6)
  A hungry ghost (D:7)
  3 water moccasins
  5 sky beasts
  10 orc warriors
  2 ice beasts (D:5)
  A necrophage (D:7)
  4 ogres
  A slave (D:5)
  5 centaurs
  A phantom (D:10)
  3 big kobolds
  6 giant frogs
  Blork the orc (D:6)
  A gnoll sergeant (D:6)
  6 scorpions
  9 wights
  23 killer bees
  6 crimson imps
  A quasit (D:6)
  The ghost of Venard the Sneak, a weakling SpAs (Sewer)
  3 centaur zombies
  13 orc priests
  4 giant frog skeletons
  Crazy Yiuf (D:4)
  3 jellies
  A gnoll shaman (D:6)
  3 hounds
  14 orc wizards
  5 iguanas
  7 worker ants
  A mummy (D:7)
  A hound skeleton (D:6)
  2 worker ant zombies
  16 gnolls
  3 river rats
  12 adders
  A shadow imp (D:10)
  An ooze (D:2)
  4 worms
  66 orcs
  4 ball pythons
  8 giant cockroaches
  10 hobgoblins
  18 jackals
  21 kobolds
  3 quokkas
  7 bats
  7 giant geckos
  2 giant gecko skeletons
  A giant gecko zombie (D:8)
  9 giant newts
  7 goblins
  A jackal skeleton (D:5)
  8 rats
375 creatures vanquished.

Vanquished Creatures (others)
  A slave (D:6)
  A wight (D:7)
  An iguana (D:5)
  3 jackals (D:5)
6 creatures vanquished.

Grand Total: 381 creatures vanquished

Notes
Turn   | Place    | Note
--------------------------------------------------------------
     0 | D:1      | Metrazal the Spriggan Assassin began the quest for the Orb.
     0 | D:1      | Reached XP level 1. HP: 10/10 MP: 2/2
   234 | D:1      | Reached skill level 6 in Stealth
   318 | D:1      | Reached XP level 2. HP: 14/14 MP: 3/3
  1247 | D:2      | Reached XP level 3. HP: 12/18 MP: 4/4
  1687 | D:2      | Reached skill level 7 in Stealth
  1825 | D:2      | Reached XP level 4. HP: 22/22 MP: 5/5
  1840 | D:2      | Reached skill level 1 in Slings
  2357 | D:3      | You fall through a shaft!
  2396 | D:3      | Reached XP level 5. HP: 25/25 MP: 6/6
  2638 | D:3      | Noticed a giant frog
  2642 | D:3      | Killed a giant frog
  2645 | D:3      | Found a glowing golden altar of the Shining One.
  2717 | D:3      | Reached XP level 6. HP: 30/30 MP: 7/7
  3003 | D:3      | Found a basalt altar of Yredelemnul.
  3005 | D:3      | Noticed a profane servitor
  3117 | D:3      | Found a glowing drain.
  3137 | Sewer    | Entered a sewer
  3171 | Sewer    | Noticed Venard's ghost (weakling SpAs)
  3211 | Sewer    | Killed Venard's ghost
  3401 | Sewer    | Reached skill level 5 in Dodging
  3401 | Sewer    | Reached skill level 8 in Stealth
  3703 | Sewer    | Found a glowing silver altar of Zin.
  3869 | D:3      | Noticed an angel
  3956 | D:4      | Found a stormy altar of Qazlal.
  3990 | D:4      | Noticed Crazy Yiuf
  3996 | D:4      | Killed Crazy Yiuf
  4020 | D:4      | Found a burning altar of Makhleb.
  4022 | D:4      | Found a glowing silver altar of Zin.
  4022 | D:4      | Noticed a cacodemon
  4022 | D:4      | Noticed an angel
  4067 | D:4      | Found a shadowy altar of Dithmenos.
  4068 | D:4      | Found an ancient bone altar of Kikubaaqudgha.
  4083 | D:4      | Found Cocru's Book Shop.
  4377 | D:4      | Found a white marble altar of Elyvilon.
  4432 | D:4      | Reached XP level 7. HP: 33/33 MP: 8/8
  4675 | D:4      | Found a shattered altar of Ashenzari.
  4682 | D:4      | Reached skill level 5 in Short Blades
  4882 | D:5      | Entered Level 5 of the Dungeon
  4882 | D:5      | Found a white marble altar of Elyvilon.
  4891 | D:5      | Noticed an angel
  4892 | D:5      | Found a runed door.
  5189 | D:5      | Found a white marble altar of Elyvilon.
  5204 | D:5      | Became a worshipper of Elyvilon the Healer
  5751 | D:5      | Reached skill level 9 in Stealth
  5882 | D:5      | Reached skill level 5 in Slings
  5882 | D:5      | Reached XP level 8. HP: 31/37 MP: 9/9
  6695 | D:5      | Reached skill level 10 in Stealth
  6771 | D:5      | Noticed Pikel
  7260 | D:5      | Killed Pikel
  7446 | D:5      | Reached XP level 9. HP: 33/41 MP: 10/10
  7686 | D:6      | Gained mutation: Your body sometimes deteriorates upon taking damage. [potion of mutation]
  7686 | D:6      | Gained mutation: You can breathe flames. [potion of mutation]
  7686 | D:6      | Gained mutation: You are weak. (Str -2) [potion of mutation]
  7692 | D:6      | Noticed kasilopana's ghost (amateur TrBe)
  8872 | D:5      | Reached skill level 11 in Stealth
  8955 | D:6      | Noticed Blork the orc
  8972 | D:6      | Killed Blork the orc
  9667 | D:6      | Reached * piety under Elyvilon
  9738 | D:6      | Noticed Grinder
  9851 | D:6      | Paralysed by Grinder for 5 turns
 10010 | D:6      | Killed Grinder
 10265 | D:6      | Killed kasilopana's ghost
 10589 | D:6      | Found a staircase to the Ecumenical Temple.
 10803 | D:6      | Noticed Menkaure
 10810 | D:6      | Killed Menkaure
 10833 | D:6      | Reached skill level 12 in Stealth
 11249 | D:7      | Noticed dricus's ghost (novice MiBe)
 11298 | D:7      | Found a radiant altar of Vehumet.
 12129 | D:7      | Reached skill level 10 in Dodging
 12559 | D:7      | Reached XP level 10. HP: 42/46 MP: 11/11
 12902 | D:7      | Found a snail-covered altar of Cheibriados.
 13310 | D:8      | Found a staircase to the Lair.
 13554 | D:8      | Reached ** piety under Elyvilon
 13578 | D:8      | Found Jaitar's Jewellery Emporium.
 13675 | D:8      | HP: 2/46 [wight/enchanted halberd (11)]
 14101 | D:7      | Reached skill level 13 in Stealth
 14727 | D:7      | HP: 2/46 [poisoned by a killer bee]
 15819 | D:8      | Found a glowing golden altar of the Shining One.
 16297 | D:9      | Found a staircase to the Orcish Mines.
 16310 | D:9      | Noticed Erica
 16533 | D:9      | Killed Erica
 16746 | D:9      | Reached skill level 10 in Slings
 16772 | D:9      | Reached XP level 11. HP: 37/49 MP: 12/12
 17093 | D:9      | Reached skill level 14 in Stealth
 17131 | D:9      | Reached *** piety under Elyvilon
 17426 | Orc:1    | Entered Level 1 of the Orcish Mines
 17451 | Orc:1    | Reached skill level 10 in Short Blades
 17911 | D:10     | Entered Level 10 of the Dungeon
 18669 | D:10     | Found Wisigogo's Magic Scroll Emporium.
 18678 | D:10     | Bought a scroll of identify for 28 gold pieces
 18678 | D:10     | Bought a scroll of remove curse for 42 gold pieces
 18678 | D:10     | Bought a scroll of blinking for 105 gold pieces
 18678 | D:10     | Bought a scroll of identify for 28 gold pieces
 21383 | Orc:1    | Reached skill level 1 in Bows
 21862 | Orc:2    | Noticed an orc high priest
 21890 | Orc:2    | Mangled by a blue devil

Action                   |  1- 3 |  4- 6 |  7- 9 | 10-12 || total
-------------------------+-------+-------+-------+-------++-------
Melee: Dagger            |   119 |   209 |   607 |  1144 ||  2079
 Fire: Hunting sling     |       |       |    42 |    56 ||    98
       Blowgun           |       |       |     4 |    47 ||    51
       Shortbow          |       |       |       |    18 ||    18
Throw: Stone             |       |     6 |       |    12 ||    18
Invok: Lesser Healing    |       |       |       |     2 ||     2
Evoke: Wand              |       |       |       |     5 ||     5
  Use: Scroll            |     7 |     8 |     2 |     7 ||    24
       Potion            |       |     2 |     9 |     1 ||    12
 Stab: Sleeping          |     8 |    20 |    16 |    40 ||    84
       Distracted        |     1 |     1 |     5 |     7 ||    14
  Eat: Fruit             |       |     1 |     8 |     6 ||    15
       Royal jelly       |       |       |     1 |     3 ||     4
